 Dungeon Crawl Stone Soup version 0.19.1-1-g22dce08 (webtiles) character file.

310 dngmouse the Cleaver (level 6, -15/52 HPs)
             Began as a Hill Orc Fighter on Jan 15, 2017.
             Demolished by an ogre
             ... wielding a +0 giant club
              (22 damage)
             ... on level 4 of the Dungeon.
             The game lasted 00:06:53 (2887 turns).

dngmouse the Cleaver (Hill Orc Fighter)             Turns: 2887, Time: 00:06:53

Health: -15/52     AC: 11    Str: 21    XL:     6   Next: 41%
Magic:  6/6        EV:  3    Int:  8    God:
Gold:   162        SH:  9    Dex: 10    Spells: 0 memorised, 5 levels left

rFire  . . .     SeeInvis .     a - +0 war axe
rCold  . . .     Gourm    .     s - +0 plate armour
rNeg   . . .     Faith    .     c - +0 shield
rPois  .         Spirit   .     (no helmet)
rElec  .         Reflect  .     (no cloak)
rCorr  .         Harm     .     (no gloves)
MR     .....                    (no boots)
Stlth  ..........               (no amulet)
                                (no ring)
                                (no ring)

@: no status effects
A: no striking features
a: no special abilities


You were on level 4 of the Dungeon.
You were not hungry.

You visited 1 branch of the dungeon, and saw 4 of its levels.

You collected 162 gold pieces.

Inventory:

Hand Weapons
 a - a +0 war axe (weapon)
Missiles
 e - 9 tomahawks
 h - 2 javelins (quivered)
 o - 5 poisoned tomahawks
Armour
 c - a +0 shield (worn)
 s - a +0 plate armour (worn)
Scrolls
 b - a scroll of remove curse {unknown}
 d - a scroll of fog {unknown}
 j - 2 scrolls of teleportation {unknown}
 k - 2 scrolls of blinking {unknown}
 l - a scroll of noise {unknown}
 p - a scroll of enchant armour {unknown}
 q - a scroll of recharging {unknown}
Potions
 n - a potion of brilliance
Books
 t - a book of Changes

   Spells                             Type                      Level
   a - Beastly Appendage              Transmutation                1
   b - Sticks to Snakes               Transmutation                2
   c - Spider Form                    Transmutation/Poison         3
   d - Ice Form                       Ice/Transmutation            4
   e - Blade Hands                    Transmutation                5
Comestibles
 f - 2 bread rations
 g - 2 meat rations
 m - 3 fruits
 r - 2 chunks of flesh


   Skills:
 - Level 4.0 Fighting
 * Level 8.5 Axes
 - Level 3.2 Armour
 - Level 3.2 Shields


You had 5 spell levels left.
You didn't know any spells.

Dungeon Overview and Level Annotations

Branches:
Dungeon (4/15)
 Temple: D:4-7

Altars:
Dithmenos
Hepliaklqana
Kikubaaqudgha
Okawaru
Sif Muna
Vehumet


Message History

The ogre is severely wounded.
The ogre hits you with a giant club!
Your plate armour prevents you from hitting the ogre.
The ogre is severely wounded.
The ogre hits you with a giant club!
* * * LOW HITPOINT WARNING * * *
You are too injured to fight recklessly!
It was a potion of magic.
Magic courses through your body. You block the ogre's attack.
The orc moves out of view.
Throwing (i - inventory. (,) - cycle):
h - 3 javelins (quivered)
Press: ? - help, Shift-Dir - straight line, f - ogre
Aim: an ogre, wielding a giant club (severely wounded)
You throw a javelin. The javelin barely misses the ogre.
The ogre hits you with a giant club.
* * * LOW HITPOINT WARNING * * *
You hit the ogre.
The ogre is almost dead.
The ogre hits you with a giant club!!
You die...

#.......# #...# #.#
###.......# #...# #.####
#.........# #...## ##....#
#.........# #....###..##.##
###.........# #..........#..#
.............###....##+##....#
..................#### ####..
................###..# #.)###
.......######.@##.#..# #..# #
.......# #..Oo$#..# #..#
....... #..##(#..# #..# #
...... #...###..# #รท.### ...
#.....##'# #'##..
##.......#####....#
#######.......####
##.####..... #......####


You could see an ogre and an orc.

Vanquished Creatures
  A howler monkey (D:3)
  A hound (D:4)
  2 orc priests (D:3)
  Natasha (twice) (D:2)
  4 adders
  An adder skeleton (D:4)
  2 worms (D:2)
  A dart slug (D:2)
  3 leopard geckos
  14 orcs (D:3)
  3 bats
  A giant cockroach (D:2)
  6 goblins
  6 hobgoblins
  7 jackals
  10 kobolds
  A quokka (D:2)
  A ball python (D:3)
  6 frilled lizards
  9 rats
81 creatures vanquished.

Notes
Turn   | Place    | Note
-------+----------+-------------------------------------------
     0 | D:1      | dngmouse the Hill Orc Fighter began the quest for the Orb.
     0 | D:1      | Reached XP level 1. HP: 19/19 MP: 1/1
    27 | D:1      | Reached skill level 3 in Axes
   224 | D:1      | Reached XP level 2. HP: 26/27 MP: 2/2
   650 | D:2      | Reached skill level 4 in Axes
   653 | D:2      | Reached XP level 3. HP: 32/33 MP: 3/3
   673 | D:2      | Noticed Natasha
   681 | D:2      | Killed Natasha
   681 | D:2      | Reached skill level 5 in Axes
  1024 | D:2      | Reached XP level 4. HP: 40/40 MP: 4/4
  1328 | D:2      | Found a faded altar of an unknown god.
  1328 | D:2      | Found a radiant altar of Vehumet.
  1333 | D:2      | Found a faded altar of an unknown god.
  1335 | D:2      | Found a faded altar of an unknown god.
  1337 | D:2      | Found a faded altar of an unknown god.
  1353 | D:2      | Noticed Natasha
  1358 | D:2      | Killed Natasha
  1500 | D:2      | Reached skill level 6 in Axes
  1742 | D:3      | Reached XP level 5. HP: 29/46 MP: 5/5
  1898 | D:3      | Reached skill level 7 in Axes
  2128 | D:3      | Found a shadowy altar of Dithmenos.
  2133 | D:3      | Found a deep blue altar of Sif Muna.
  2136 | D:3      | Found a hazy altar of Hepliaklqana.
  2297 | D:3      | Reached XP level 6. HP: 7/52 MP: 6/6
  2580 | D:3      | Found an iron altar of Okawaru.
  2605 | D:3      | Reached skill level 8 in Axes
  2675 | D:4      | Found an ancient bone altar of Kikubaaqudgha.
  2887 | D:4      | Demolished by an ogre

Skill      XL: |  1  2  3  4  5  6 |
---------------+-------------------+-----
Axes           | 3 4 5 6 7 8 |  8.5
Fighting       | 4 |  4.0
Armour         | |  3.2
Shields        | |  3.2

Action                   |  1- 3 |  4- 6 || total
-------------------------+-------+-------++-------
Melee: War axe           |    75 |   185 ||   260
Throw: Javelin           |       |     1 ||     1
  Use: Potion            |       |     5 ||     5
  Eat: Chunk             |       |     7 ||     7
Armor: Scale mail        |    30 |    59 ||    89
       Plate armour      |       |    16 ||    16
Dodge: Dodged            |    19 |    47 ||    66
Block: Shield            |    35 |    84 ||   119
